| TOP OF THE 1ST |
|
Joplin Blasters batting - Pitching for Miami Beach Marlins : RHP Jonathan Wheatley
|
|
Pitching: RHP Jonathan Wheatley
|
|
|
Batting: RHB Angel Melendez
|
0-0: Ball 1-0: Ball 2-0: Swinging Strike 2-1: Ball 3-1: Base on Balls
|
|
Batting: RHB Mike Stokes
|
0-0: Ball 1-0: Foul Ball, location: 2F 1-1: Called Strike 1-2: Strikes out swinging
|
|
Batting: RHB Donnie Bednarz
|
0-0: Called Strike 0-1: Ball 1-1: Ball Angel Melendez steals 2nd base 2-1: Fly out, F8 (Flyball, 8LD, EV 104.4 MPH)
|
|
Batting: RHB Abban Sartika
|
0-0: Foul Ball, location: 2F 0-1: Swinging Strike 0-2: Ground out U3 (Groundball, 34, EV 84.4 MPH)
|
| Top of the 1st over - 0 runs, 0 hits, 0 errors, 1 left on base; Joplin 0 - Miami Beach 0 |
| BOTTOM OF THE 1ST |
|
Miami Beach Marlins batting - Pitching for Joplin Blasters : RHP Abban Sartika
|
|
Pitching: RHP Abban Sartika
|
|
|
Batting: RHB Bill Atley
|
0-0: Ball 1-0: Foul Ball, location: 2F 1-1: Ground out U3 (Groundball, 34, EV 101.9 MPH)
|
|
Batting: LHB Henry Huezo
|
0-0: Called Strike 0-1: Ball 1-1: Called Strike 1-2: Strikes out swinging
|
|
Batting: SHB Emmet Brickowski
|
0-0: Foul Ball, location: 2F 0-1: Called Strike 0-2: Ball 1-2: Ball 2-2: Ground out 6-3 (Groundball, 6, EV 85.0 MPH)
|
| Bottom of the 1st over - 0 runs, 0 hits, 0 errors, 0 left on base; Joplin 0 - Miami Beach 0 |
| TOP OF THE 2ND |
|
Joplin Blasters batting - Pitching for Miami Beach Marlins : RHP Jonathan Wheatley
|
|
Batting: RHB Steve Huebner
|
0-0: Ball 1-0: Called Strike 1-1: Foul Ball, location: 2F 1-2: Ball 2-2: Foul Ball, location: 2F 2-2: Fly out, F7 (Flyball, 78M, EV 95.0 MPH)
|
|
Batting: RHB Nate Brewer
|
0-0: Ball 1-0: Ball 2-0: Ball 3-0: Called Strike 3-1: SINGLE (Line Drive, 8LS, EV 105.0 MPH)
|
|
Batting: RHB Jin-hoi Hur
|
0-0: Ball 1-0: SINGLE (Line Drive, 7LM, EV 101.9 MPH) Nate Brewer to second
|
|
Batting: LHB Josh Lane
|
0-0: Fielders Choice at 2nd, 6-4 (Groundball, 56, EV 102.5 MPH) Nate Brewer to third
|
|
Pitching: RHP Elvis Calderon
|
|
|
Batting: RHB Jaden Brown
|
0-0: Fielders Choice at 2nd, U6 (Groundball, 6M, EV 91.2 MPH)
|
| Top of the 2nd over - 0 runs, 2 hits, 0 errors, 2 left on base; Joplin 0 - Miami Beach 0 |
| BOTTOM OF THE 2ND |
|
Miami Beach Marlins batting - Pitching for Joplin Blasters : RHP Abban Sartika
|
|
Batting: RHB Jim Smallwood
|
0-0: Ball 1-0: Called Strike 1-1: Ball 2-1: Foul Ball, location: 2F 2-2: Foul Ball, location: 2F 2-2: Ball 3-2: Base on Balls
|
|
Batting: RHB Mario Cota
|
0-0: Called Strike Jim Smallwood steals 2nd base 0-1: Ball 1-1: Ball 2-1: Ball 3-1: Ground out 6-3 (Groundball, 6, EV 88.1 MPH) Jim Smallwood to third
|
|
Batting: SHB Brent King
|
0-0: Called Strike 0-1: Foul Ball, location: 2F 0-2: Ball 1-2: Ball 2-2: Ball 3-2: Base on Balls
|
|
Batting: RHB Chris Harlow
|
0-0: Called Strike Brent King steals 2nd base 0-1: Ground out U3 (Groundball, 3, EV 90.6 MPH)
|
|
Batting: RHB Dustin Baker
|
0-0: Called Strike 0-1: Ball 1-1: Ball 2-1: Called Strike 2-2: Foul Ball, location: 2F 2-2: Foul Ball, location: 2F 2-2: SINGLE (Line Drive, 6MD, EV 98.8 MPH) Jim Smallwood scores Brent King to third Runner from 3rd tries for Home, SAFE, throw by CF to home
|
|
Batting: RHB Mike Day
|
0-0: Ball 1-0: Foul Ball, location: 2F 1-1: Fly out, F8 (Flyball, 8LD, EV 105.6 MPH)
|
| Bottom of the 2nd over - 2 runs, 1 hit, 0 errors, 1 left on base; Joplin 0 - Miami Beach 2 |
| TOP OF THE 3RD |
|
Joplin Blasters batting - Pitching for Miami Beach Marlins : RHP Elvis Calderon
|
|
Batting: RHB Angel Melendez
|
0-0: Ball 1-0: Called Strike 1-1: Foul Ball, location: 2F 1-2: Ball 2-2: Foul Ball, location: 2F 2-2: Strikes out swinging
|
|
Batting: RHB Mike Stokes
|
0-0: Ball 1-0: Swinging Strike 1-1: Foul Ball, location: 2F 1-2: Strikes out swinging
|
|
Batting: RHB Donnie Bednarz
|
0-0: Ball 1-0: SINGLE (Line Drive, 4MD, EV 95.0 MPH)
|
|
Batting: RHB Abban Sartika
|
0-0: Called Strike 0-1: Fly out, F8 (Flyball, 8LM, EV 95.0 MPH)
|
| Top of the 3rd over - 0 runs, 1 hit, 0 errors, 1 left on base; Joplin 0 - Miami Beach 2 |
| BOTTOM OF THE 3RD |
|
Miami Beach Marlins batting - Pitching for Joplin Blasters : RHP Abban Sartika
|
|
Batting: RHB Bill Atley
|
0-0: Ball 1-0: Ball 2-0: Ball 3-0: Called Strike 3-1: Called Strike 3-2: Strikes out swinging
|
|
Batting: LHB Henry Huezo
|
0-0: Ball 1-0: Ball 2-0: Called Strike 2-1: Ball 3-1: Called Strike 3-2: Foul Ball, location: 2F 3-2: Ground out 6-3 (Groundball, 6, EV 103.1 MPH)
|
|
Batting: SHB Emmet Brickowski
|
0-0: Ball 1-0: Foul Ball, location: 2F 1-1: Called Strike 1-2: Ball 2-2: Foul Ball, location: 2F 2-2: SOLO HOME RUN (Flyball, 7LD, EV 99.4 MPH), Distance : 368 ft
|
|
Pitching: RHP Robert Carlos
|
|
|
Batting: RHB Jim Smallwood
|
0-0: Ground out 6-3 (Groundball, 6, EV 106.9 MPH)
|
| Bottom of the 3rd over - 1 run, 1 hit, 0 errors, 0 left on base; Joplin 0 - Miami Beach 3 |
| TOP OF THE 4TH |
|
Joplin Blasters batting - Pitching for Miami Beach Marlins : RHP Elvis Calderon
|
|
Batting: RHB Steve Huebner
|
0-0: Ball 1-0: Ball 2-0: Fly out, F7 (Flyball, 78XD, EV 103.8 MPH)
|
|
Batting: RHB Nate Brewer
|
0-0: Called Strike 0-1: Ball 1-1: Foul Ball, location: 2F 1-2: Strikes out swinging
|
|
Batting: RHB Jin-hoi Hur
|
0-0: Ball 1-0: Ball 2-0: Called Strike 2-1: Called Strike 2-2: Ball 3-2: Foul Ball, location: 2F 3-2: Foul Ball, location: 2F 3-2: Base on Balls
|
|
Batting: LHB Josh Lane
|
0-0: Ball 1-0: Ball 2-0: Called Strike 2-1: Fly out, F3 (Popup, 3SF, EV 66.9 MPH)
|
| Top of the 4th over - 0 runs, 0 hits, 0 errors, 1 left on base; Joplin 0 - Miami Beach 3 |
| BOTTOM OF THE 4TH |
|
Miami Beach Marlins batting - Pitching for Joplin Blasters : RHP Robert Carlos
|
|
Batting: RHB Mario Cota
|
0-0: SINGLE (Popup, 6S, EV 73.1 MPH)
|
|
Batting: SHB Brent King
|
0-0: Called Strike 0-1: Ball 1-1: Fielders Choice at 2nd, 4-6 (Groundball, 4, EV 76.9 MPH)
|
|
Batting: RHB Chris Harlow
|
0-0: Ball 1-0: Fly out, F9 (Line Drive, 9, EV 91.9 MPH)
|
|
Batting: RHB Dustin Baker
|
0-0: Ball Brent King is caught stealing 2nd base 2-4
|
| Bottom of the 4th over - 0 runs, 1 hit, 0 errors, 0 left on base; Joplin 0 - Miami Beach 3 |
| TOP OF THE 5TH |
|
Joplin Blasters batting - Pitching for Miami Beach Marlins : RHP Elvis Calderon
|
|
Batting: RHB Jaden Brown
|
0-0: Called Strike 0-1: Called Strike 0-2: Foul Ball, location: 2F 0-2: Ball 1-2: Ball 2-2: SINGLE (Groundball, 6MS, EV 75.6 MPH) (infield hit)
|
|
Batting: RHB Angel Melendez
|
0-0: Swinging Strike 0-1: Swinging Strike 0-2: Foul Ball, location: 2F 0-2: Strikes out swinging
|
|
Batting: RHB Mike Stokes
|
0-0: SINGLE (Line Drive, 4D, EV 101.9 MPH) Jaden Brown to second
|
|
Batting: RHB Donnie Bednarz
|
0-0: Ball 1-0: Called Strike 1-1: Ball 2-1: Foul Ball, location: 2F 2-2: Foul Ball, location: 2F 2-2: Ball 3-2: Base on Balls Jaden Brown to third Mike Stokes to second
|
|
Batting: RHB Abban Sartika
|
0-0: Fly out, F8 (Line Drive, 78D, EV 88.8 MPH) Runner from 3rd tags up, SCORES, throw by CF
|
|
Pinch Hitting: RHB Carlos Castillo
|
0-0: Ball 1-0: Fielders Choice at 2nd, 6-4 (Groundball, 6, EV 82.5 MPH)
|
| Top of the 5th over - 1 run, 2 hits, 0 errors, 2 left on base; Joplin 1 - Miami Beach 3 |
| BOTTOM OF THE 5TH |
|
Miami Beach Marlins batting - Pitching for Joplin Blasters : RHP Robert Carlos
|
|
Now at 1B: Carlos Castillo
|
|
|
Batting: RHB Dustin Baker
|
0-0: Fly out, F7 (Flyball, 7LM, EV 94.4 MPH)
|
|
Batting: RHB Mike Day
|
0-0: Ball 1-0: Ball 2-0: Ball 3-0: Called Strike 3-1: Called Strike 3-2: Foul Ball, location: 2F 3-2: SOLO HOME RUN (Flyball, 7LD, EV 94.4 MPH), Distance : 349 ft
|
|
Batting: RHB Bill Atley
|
0-0: Ball 1-0: Ball 2-0: Called Strike 2-1: Ball 3-1: Called Strike 3-2: DOUBLE (Line Drive, 9LS, EV 111.9 MPH)
|
|
Batting: LHB Henry Huezo
|
0-0: Foul Ball, location: 2F 0-1: Called Strike 0-2: Fly out, F9 (Flyball, 89S, EV 93.8 MPH)
|
|
Batting: SHB Emmet Brickowski
|
0-0: Ball 1-0: Ball 2-0: Foul Ball, location: 2F 2-1: Foul Ball, location: 2F 2-2: Ball 3-2: Fly out, F6 (Flyball, 6D, EV 85.0 MPH)
|
| Bottom of the 5th over - 1 run, 2 hits, 0 errors, 1 left on base; Joplin 1 - Miami Beach 4 |
| TOP OF THE 6TH |
|
Joplin Blasters batting - Pitching for Miami Beach Marlins : RHP Elvis Calderon
|
|
Batting: RHB Nate Brewer
|
0-0: Called Strike 0-1: Swinging Strike 0-2: Ball 1-2: Strikes out looking
|
|
Batting: RHB Jin-hoi Hur
|
0-0: Called Strike 0-1: Foul Ball, location: 2F 0-2: Strikes out swinging, 2-3 out at first.
|
|
Pitching: RHP Cliff Peters
|
|
|
Batting: LHB Josh Lane
|
0-0: Called Strike 0-1: Foul Ball, location: 2F 0-2: Ball 1-2: Strikes out swinging
|
| Top of the 6th over - 0 runs, 0 hits, 0 errors, 0 left on base; Joplin 1 - Miami Beach 4 |
| BOTTOM OF THE 6TH |
|
Miami Beach Marlins batting - Pitching for Joplin Blasters : RHP Robert Carlos
|
|
Batting: RHB Jim Smallwood
|
0-0: Ball 1-0: Ball 2-0: Foul Ball, location: 2F 2-1: SINGLE (Groundball, 56D, EV 96.9 MPH)
|
|
Batting: RHB Mario Cota
|
0-0: Called Strike Jim Smallwood steals 2nd, throwing error, E2 Jim Smallwood to third 0-1: Called Strike 0-2: Ball 1-2: Hit by Pitch
|
|
Batting: SHB Brent King
|
0-0: Called Strike 0-1: Ball 1-1: Fielders Choice at 2nd, 4-6 (Groundball, 34, EV 102.5 MPH) Jim Smallwood scores
|
|
Batting: RHB Chris Harlow
|
0-0: Ball 1-0: Called Strike Brent King steals 2nd base 1-1: Fly out, F4 (Popup, 4D, EV 66.9 MPH)
|
|
Batting: RHB Dustin Baker
|
0-0: Called Strike 0-1: Ball 1-1: Ball 2-1: Ball 3-1: Base on Balls
|
|
Batting: RHB Mike Day
|
0-0: Fly out, F7 (Line Drive, 78M, EV 110.6 MPH)
|
| Bottom of the 6th over - 1 run, 1 hit, 1 error, 2 left on base; Joplin 1 - Miami Beach 5 |
| TOP OF THE 7TH |
|
Joplin Blasters batting - Pitching for Miami Beach Marlins : RHP Cliff Peters
|
|
Batting: RHB Jaden Brown
|
0-0: Ball 1-0: Ball 2-0: Called Strike 2-1: Swinging Strike 2-2: Ball 3-2: Strikes out looking
|
|
Pinch Hitting: RHB Cody Marshall
|
0-0: Called Strike 0-1: Swinging Strike 0-2: Foul Ball, location: 2F 0-2: Ball 1-2: Ball 2-2: Strikes out swinging
|
|
Batting: RHB Mike Stokes
|
0-0: Ball 1-0: Called Strike 1-1: Swinging Strike 1-2: Strikes out looking
|
| Top of the 7th over - 0 runs, 0 hits, 0 errors, 0 left on base; Joplin 1 - Miami Beach 5 |
| BOTTOM OF THE 7TH |
|
Miami Beach Marlins batting - Pitching for Joplin Blasters : RHP Robert Carlos
|
|
Now at 2B: Cody Marshall
|
|
|
Batting: RHB Bill Atley
|
0-0: Swinging Strike 0-1: Hit by Pitch
|
|
Batting: LHB Henry Huezo
|
0-0: Sac Bunt to P - play at first, batter OUT! 1-3 Bill Atley to second
|
|
Batting: SHB Emmet Brickowski
|
0-0: Called Strike 0-1: Called Strike 0-2: Ball 1-2: Strikes out swinging
|
|
Batting: RHB Jim Smallwood
|
0-0: Called Strike 0-1: Ball 1-1: Ball 2-1: Ball 3-1: Base on Balls
|
|
Pitching: RHP Rade Mamula
|
|
|
Batting: RHB Mario Cota
|
0-0: Ball 1-0: Called Strike 1-1: Ball 2-1: Foul Ball, location: 2F 2-2: Ground out 4-3 (Groundball, 4, EV 103.8 MPH)
|
| Bottom of the 7th over - 0 runs, 0 hits, 0 errors, 2 left on base; Joplin 1 - Miami Beach 5 |
| TOP OF THE 8TH |
|
Joplin Blasters batting - Pitching for Miami Beach Marlins : RHP Cliff Peters
|
|
Batting: RHB Donnie Bednarz
|
0-0: Ball 1-0: Foul Ball, location: 2F 1-1: Swinging Strike 1-2: Strikes out swinging, 2-3 out at first.
|
|
Batting: RHB Abban Sartika
|
0-0: Swinging Strike 0-1: Ball 1-1: Called Strike 1-2: Ground out 1-3 (Groundball, 34S, EV 63.8 MPH)
|
|
Batting: RHB Carlos Castillo
|
0-0: Foul Ball, location: 2F 0-1: Ball 1-1: Foul Ball, location: 2F 1-2: Foul Ball, location: 2F 1-2: Strikes out looking
|
| Top of the 8th over - 0 runs, 0 hits, 0 errors, 0 left on base; Joplin 1 - Miami Beach 5 |
| BOTTOM OF THE 8TH |
|
Miami Beach Marlins batting - Pitching for Joplin Blasters : RHP Rade Mamula
|
|
Batting: SHB Brent King
|
0-0: Foul Ball, location: 2F 0-1: Ball 1-1: Foul Ball, location: 2F 1-2: Foul Ball, location: 2F 1-2: Ball 2-2: Fly out, F5 (Popup, 5, EV 81.2 MPH)
|
|
Batting: RHB Chris Harlow
|
0-0: Swinging Strike 0-1: Ball 1-1: Ball 2-1: Ball 3-1: Base on Balls
|
|
Batting: RHB Melvin Nava
|
0-0: Ball 1-0: Foul Ball, location: 2F 1-1: Ball Chris Harlow is caught stealing 2nd base 2-4 2-1: Ball 3-1: Foul Ball, location: 2F 3-2: Ground out 6-3 (Groundball, 6, EV 82.5 MPH)
|
| Bottom of the 8th over - 0 runs, 0 hits, 0 errors, 0 left on base; Joplin 1 - Miami Beach 5 |
| TOP OF THE 9TH |
|
Joplin Blasters batting - Pitching for Miami Beach Marlins : RHP Cliff Peters
|
|
Pitching: RHP Franklin Vazquez
|
|
|
Pinch Hitting: RHB Mike McClung
|
0-0: Foul Ball, location: 2F 0-1: Swinging Strike 0-2: SINGLE (Flyball, 8LS, EV 87.5 MPH) - OUT at second base trying to stretch hit.
|
|
Pinch Hitting: RHB Colin Padgett
|
0-0: Ball 1-0: Ball 2-0: Fly out, F3 (Line Drive, 3, EV 71.2 MPH)
|
|
Pinch Hitting: RHB Dustin Peterson
|
0-0: Ball 1-0: Foul Ball, location: 2F 1-1: Ball 2-1: Swinging Strike 2-2: Ball 3-2: SINGLE (Groundball, 56S, EV 65.6 MPH) (infield hit)
|
|
Pinch Hitting: RHB Kevin Lea
|
0-0: Called Strike 0-1: Ball 1-1: Ball 2-1: Swinging Strike 2-2: Strikes out swinging
|
| Top of the 9th over - 0 runs, 2 hits, 0 errors, 1 left on base; Joplin 1 - Miami Beach 5 |
|